 Dungeon Crawl Stone Soup version 0.28.0-53-g5a82cb258f (webtiles) character file.

Game seed: 13506747165332489989

4963 Plasmagod the Cleaver (level 10, 0/86 HPs)
             Began as a Minotaur Fighter on July 18, 2022.
             Was a Believer of Ashenzari.
             Killed from afar by a steam dragon (21 damage)
             ... with a ball of steam
             ... on level 8 of the Dungeon.
             The game lasted 00:17:43 (8767 turns).

Plasmagod the Cleaver (Minotaur Fighter)            Turns: 8767, Time: 00:17:43

Health: 0/86       AC: 14    Str: 23    XL:     10   Next: 28%
Magic:  9/9        EV: 11    Int:  5    God:    Ashenzari [**....]
Gold:   425        SH: 16    Dex: 18    Spells: 9/9 levels left

rFire   . . .      SeeInvis +   A - +2 hand axe (freeze)
rCold   . . .      Faith    .   D - +0 kite shield
rNeg    . . .      Spirit   .   E - +3 scale mail
rPois   .          Reflect  +   (helmet restricted)
rElec   .          Harm     .   (no cloak)
rCorr   .          Rampage  .   s - +0 pair of gloves of the Unveiling Oracle {Comp, Fort} (curse)
Will    +....                   i - +0 pair of boots "Elitism of Ashenzari" {Evo, Comp} (curse)
Stlth   +.........              x - amulet of reflection
HPRegen 0.24/turn               g - +6 ring of dexterity
MPRegen 0.11/turn               r - ring "Share My Shame" {Will+, Bglg, Elem} (curse)

@: no status effects
A: horns 2, retaliatory headbutt
a: Renounce Religion, Shatter the Chains


You were on level 8 of the Dungeon.
You worshipped Ashenzari.
Ashenzari was pleased with you.
You visited 2 branches of the dungeon, and saw 9 of its levels.
You also visited: Sewer.

You collected 425 gold pieces.

Inventory:

Hand Weapons
 A - a +2 hand axe of freezing (weapon)
Armour
 i - the cursed +0 pair of boots "Elitism of Ashenzari" (worn) {Evo, Comp}
   (You found it on level 1 of the Dungeon)

   It has a curse which improves the following skills: Evocations: Evocations.
   Companions: Summonings and Necromancy.
 s - the cursed +0 pair of gloves of the Unveiling Oracle (worn) {Comp, Fort}
   (You found it on level 4 of the Dungeon)

   It has a curse which improves the following skills: Companions: Summonings
   and Necromancy.
   Fortitude: Armour and Shields.
 D - a +0 kite shield (worn)
 E - a +3 scale mail (worn)
Jewellery
 g - a +6 ring of dexterity (left hand)
 r - the cursed ring "Share My Shame" (right hand) {Will+, Bglg, Elem}
   (You found it on level 3 of the Dungeon)

   [ring of willpower]

   Will:      It increases your willpower.
   It has a curse which improves the following skills: Beguiling: Conjurations,
   Hexes and Translocations.
   Elements:  Fire Magic, Ice Magic, Air Magic and Earth Magic.
 x - an amulet of reflection (around neck)
Wands
 v - a wand of flame (12)
 y - a wand of iceblast (15)
Scrolls
 e - 3 scrolls of teleportation
 j - 10 scrolls of identify
 l - 2 scrolls of holy word
 t - a scroll of immolation
 u - 2 scrolls of blinking
 w - 4 scrolls of fear
 z - a scroll of vulnerability
 B - a scroll of magic mapping
 C - a scroll of amnesia
Potions
 a - a potion of heal wounds
 d - 2 potions of might
 f - 2 potions of haste
 h - 3 potions of resistance
 k - 4 potions of degeneration
 m - a potion of magic
 n - 4 potions of curing
 o - 2 potions of attraction
 p - a potion of invisibility
 q - 3 potions of brilliance


   Skills:
 + Level 7.4 Fighting
 + Level 12.2 Axes
 + Level 9.2(10.4) Armour
 + Level 4.7 Dodging
 + Level 1.8 Stealth
 + Level 7.0(8.3) Shields


You had 9 spell levels left.
You didn't know any spells.
Your spell library contained the following spells:

 Spells                   Type           Power      Damage    Failure   Level
 Magic Dart               Conj           0%         1d3       95%         1
 Searing Ray              Conj           0%         2d4       99%         2
 Fulminant Prism          Conj/Hex       0%         3d6       100%        4


Dungeon Overview and Level Annotations

Branches:
Dungeon (8/15)             Temple (1/1) D:5           Sewer (visited)
   Lair: D:8-11

Altars:
Ashenzari
Kikubaaqudgha
Nemelex Xobeh
Okawaru
Qazlal
Xom

Shops:
D:7 (

Annotations:
D:7 1 runed translucent door, Ornithology's ghost, novice TeAE


Innate Abilities, Weirdness & Mutations

You have a pair of horns on your head.
You reflexively headbutt those who attack you in melee.


Message History

You hit the sky beast but do no damage. Your headbutt misses the sky beast.
The sky beast is heavily wounded.
The centaur shoots an arrow.
The arrow barely misses the sky beast.
You reflect the arrow off an invisible shield around you!
The arrow closely misses the sky beast.
The arrow hits the centaur!
The sky beast hits you but does no damage.
You hit the sky beast but do no damage.
The sky beast is heavily wounded.
The centaur shoots an arrow.
The arrow hits the sky beast.
You hit the sky beast but do no damage.
The sky beast is heavily wounded.
The centaur shoots an arrow.
The arrow hits the sky beast!
The sky beast hits you but does no damage.
You closely miss the sky beast.
The sky beast is almost dead.
The centaur shoots an arrow.
The arrow closely misses the sky beast.
You reflect the arrow off an invisible shield around you!
The arrow hits the sky beast!
You kill the sky beast!
The steam dragon breathes steam at you. The ball of steam hits you!
* * * LOW HITPOINT WARNING * * *
The centaur shoots an arrow.
You reflect the arrow off an invisible shield around you!
The arrow barely misses the centaur.
The centaur unwields a +0 shortbow.
You block the centaur's attack.
The centaur kicks you but does no damage.
You see here a sky beast corpse.
You hit the centaur. You freeze the centaur.
You kill the centaur!
You are engulfed in a cloud of scalding steam.
Your base Shields skill increases to level 7!
A sky beast comes into view.
You hit the steam dragon. You freeze the steam dragon.
You headbutt the steam dragon, but do no damage.
The steam dragon is moderately wounded.
The sky beast flickers out of sight for a moment.
The steam dragon breathes steam at you. The ball of steam hits you!!
You die...

, #...#§≈≈.. #...≈≈§..$ ≈
* #...≈≈.Y#
.############...≈≈#[# # ≈
,.............#..≈≈.##$.
.............#.†≈≈.)..≈ *
.......)†.....)#≈≈§..≈≈
.......†......D†)§§≈≈≈≈ ,
.########(†..#@...≈≈≈≈.
,, , #.##.##...#..#.
###########.#...)........
,
....................##.#.
.######..............# ..
.#...<#.####.#.#####...,.
....###.# #.#.# ....,
##### #.# .#,# ... ^ ,,
..# .#,*


You could see a steam dragon (catching breath) and a sky beast (invisible).

Vanquished Creatures
  A troll (D:7)
  Prince Ribbit (D:5)
  A shadow (D:6)
  A wyvern (D:8)
  3 steam dragons
  Duvessa (D:7)
  2 water moccasins (D:7)
  4 sky beasts
  2 ice beasts (D:7)
  2 orc warriors
  A black bear (D:5)
  3 ogres
  2 necrophages
  3 centaurs
  2 bullfrogs
  2 gnoll sergeants (D:7)
  2 scorpions
  A wyvern skeleton (D:4)
  2 water moccasin skeletons
  Dowan (D:7)
  9 killer bees
  6 wights
  An electric eel (D:6)
  2 howler monkeys
  A bullfrog zombie (D:6)
  A hound (D:7)
  3 jellies
  A centaur skeleton (D:4)
  3 bullfrog skeletons
  5 iguanas
  5 orc wizards
  Robin (D:4)
  10 adders
  2 white imps
  5 dart slugs
  28 orcs
  7 bats
  9 endoplasms
  10 giant cockroaches
  14 goblins
  8 hobgoblins
  5 kobolds
  9 quokkas
  14 ball pythons
  8 frilled lizards
  6 rats
210 creatures vanquished.

Vanquished Creatures (others)
  An iguana (D:7)
  2 orcs (D:7)
3 creatures vanquished.

Grand Total: 213 creatures vanquished

Notes
Turn   | Place    | Note
-------+----------+-------------------------------------------
     0 | D:1      | Plasmagod the Minotaur Fighter began the quest for the Orb.
     0 | D:1      | Reached XP level 1. HP: 19/19 MP: 0/0
   333 | D:1      | Reached XP level 2. HP: 22/27 MP: 1/1
   712 | D:1      | Reached XP level 3. HP: 33/33 MP: 2/2
   899 | D:1      | Found an ancient bone altar of Kikubaaqudgha.
   940 | D:2      | Reached skill level 3 in Axes
  1983 | D:3      | Reached XP level 4. HP: 40/40 MP: 3/3
  2019 | D:3      | Reached skill level 4 in Axes
  2364 | D:3      | Reached XP level 5. HP: 33/47 MP: 4/4
  2369 | D:3      | Reached skill level 1 in Dodging
  2657 | D:3      | Reached skill level 5 in Axes
  3076 | D:4      | Noticed an ogre
  3080 | D:4      | Killed an ogre
  3081 | D:4      | Reached XP level 6. HP: 15/53 MP: 5/5
  3335 | D:4      | Found a glowing drain.
  3344 | Sewer    | Entered a sewer
  3369 | Sewer    | Reached skill level 6 in Axes
  3473 | Sewer    | Reached skill level 5 in Armour
  3876 | D:4      | Noticed Robin
  3885 | D:4      | Reached XP level 7. HP: 52/60 MP: 6/6
  3885 | D:4      | Killed Robin
  3886 | D:4      | Reached skill level 5 in Fighting
  3891 | D:4      | Reached skill level 7 in Axes
  4371 | D:5      | Entered Level 5 of the Dungeon
  4432 | D:5      | Noticed Prince Ribbit
  4446 | D:5      | Killed Prince Ribbit
  4447 | D:5      | Reached skill level 8 in Axes
  4447 | D:5      | Reached skill level 5 in Shields
  4560 | D:5      | Found the +6 lightning scales {swift, rElec}
  4582 | D:5      | Found a staircase to the Ecumenical Temple.
  4588 | Temple   | Entered the Ecumenical Temple
  4614 | Temple   | Became a worshipper of Ashenzari the Shackled
  4686 | D:5      | Reached XP level 8. HP: 65/68 MP: 7/7
  4846 | D:5      | Reached skill level 9 in Axes
  5520 | D:6      | Found an iron altar of Okawaru.
  5592 | D:6      | Found a sparkling altar of Nemelex Xobeh.
  6117 | D:6      | Reached skill level 10 in Axes
  6455 | D:6      | Reached XP level 9. HP: 64/76 MP: 8/8
  6934 | D:7      | Noticed a troll
  6943 | D:7      | Killed a troll
  7160 | D:7      | Reached * piety under Ashenzari
  7193 | D:7      | Noticed Duvessa
  7194 | D:7      | Noticed Dowan
  7203 | D:7      | Killed Duvessa
  7206 | D:7      | Killed Dowan
  7602 | D:7      | Reached skill level 11 in Axes
  7638 | D:7      | Reached skill level 1 in Stealth
  7857 | D:7      | Noticed Ornithology's ghost (novice TeAE)
  7889 | D:7      | Found a runed translucent door.
  7963 | D:7      | Found a shimmering altar of Xom.
  8421 | D:7      | Reached XP level 10. HP: 79/86 MP: 9/9
  8422 | D:7      | Reached ** piety under Ashenzari
  8493 | D:7      | Reached skill level 12 in Axes
  8512 | D:7      | Found Kenoxziqe's Weapon Emporium.
  8739 | D:8      | Identified the +4 mace of Collusion {antimagic, rPois rCorr
                  | Int+4 Dex+3}
  8767 | D:8      | Killed from afar by a steam dragon

Illustrated notes

Levels and vault maps discovered:
D:1:      dpeg_arrival_water_altar, layout_rooms
D:2:      layout_basic
D:3:      layout_basic
D:4:      layout_basic, portal_sewer_entry_d, uniq_robin
D:5:      layout_basic, minmay_temple_entry_ruins, uniq_prince_ribbit1
D:6:      layout_basic, mainiacjoe_overflow_catwalk_spiral,
          kennysheep_small_spiral
D:7:      layout_basic, xom_confusion_cloud, hellmonk_ghost_happy_afterlife,
          serial_shops, nicolae_shop_bloodbath_and_beyond, sword_in_stone,
          uniq_duvessa
D:8:      layout_basic, enter_bailey_4, minivault_10, hangedman_misty_isle,
          uniq_maurice
Temple:   mainiacjoe_temple_bowtie_tessellation

Skill      XL: |  1  2  3  4  5  6  7  8  9 10 |
---------------+-------------------------------+-----
Shields        | 4 5 6 7 |  7.0
Armour         | 4 5 7 8 9 |  9.2
Fighting       | 4 5 6 7 |  7.4
Axes           | 3 4 5 6 8 10 11 12 | 12.2
Dodging        | 1 2 3 4 |  4.7
Stealth        | 1 |  1.8

Action                   |  1- 3 |  4- 6 |  7- 9 | 10-12 || total
-------------------------+-------+-------+-------+-------++-------
Melee: War axe           |    78 |   129 |    42 |       ||   249
       Headbutt          |    10 |    20 |    68 |    12 ||   110
       Hand axe          |       |       |   253 |    52 ||   305
Invok: Curse Item        |       |       |     2 |     1 ||     3
  Use: Potion            |       |       |     1 |       ||     1
Armor: Scale mail        |    37 |    60 |    59 |    22 ||   178
Dodge: Dodged            |    46 |    70 |    64 |    15 ||   195
Block: Buckler           |    22 |    45 |    88 |       ||   155
       Reflection        |       |     1 |     6 |     7 ||    14
       Kite shield       |       |       |    28 |    47 ||    75
